 Dungeon Crawl Stone Soup version 0.30-a0-782-ge64f9170bb (webtiles) character file.

Game seed: 17048213130599144423

138 Crownlay the Digger (level 5, -3/31 HPs)
             Began as an Octopode Earth Elementalist on Mar 5, 2023.
             Slain by a kobold brigand
             ... wielding a +0 dagger
              (5 damage)
             ... in a sewer.
             The game lasted 00:03:14 (2064 turns).

Crownlay the Digger (Octopode Earth Elementalist)   Turns: 2064, Time: 00:03:14

Health: -3/31      AC:  1    Str:  7    XL:     5   Next: 21%
Magic:  1/9        EV: 13    Int: 20    God:
Gold:   47         SH:  0    Dex: 12    Spells: 6/10 levels left

rFire   . . .      SeeInvis .    (no weapon)
rCold   . . .      Faith    .    (no shield)
rNeg    . . .      Spirit   .    (helmet restricted)
rPois   .          Reflect  .    (no amulet)
rElec   .          Harm     .    (no ring)
rCorr   .          Rampage  .    (no ring)
Will    .....                    (no ring)
Stlth   +++                      (no ring)
HPRegen 0.25/turn                (no ring)
MPRegen 0.11/turn                (no ring)
                                 (no ring)
                                 (no ring)

@: no status effects
A: almost no armour, amphibious, 8 rings, camouflage 1, gelatinous body 1,
(nimble swimmer 1), tentacles
a: no special abilities


You were in a sewer.
You visited 1 branch of the dungeon, and saw 3 of its levels.
You also visited: Sewer.

You collected 47 gold pieces.

Inventory:

Scrolls
 b - 3 scrolls of teleportation {unknown}
 d - 3 scrolls of fog
 j - a scroll of amnesia {unknown}
 l - a scroll of identify {unknown}
 m - a scroll of blinking {unknown}
Potions
 a - 2 potions of magic
 c - a potion of brilliance {unknown}
 e - a potion of ambrosia {unknown}
 f - 3 potions of curing {unknown}
 g - a potion of invisibility {unknown}
 h - a potion of mutation {unknown}
 i - 2 potions of haste {unknown}
 k - a potion of might {unknown}


   Skills:
 - Level 2.0 Dodging
 - Level 2.6 Stealth
 + Level 3.1 Spellcasting
 - Level 1.0 Transmutations
 * Level 5.0 Earth Magic


You had 6 spell levels left.
You knew the following spells:

 Your Spells              Type           Power      Damage    Failure   Level
a - Sandblast             Erth           46%        2d11      1%          1
b - Stone Arrow           Conj/Erth      26%        3d8       16%         3

Your spell library contained the following spells:

 Spells                   Type           Power      Damage    Failure   Level
 Passwall                 Tmut/Erth      12%        N/A       6%          2
 Petrify                  Tmut/Erth      15%        N/A       38%         4


Dungeon Overview and Level Annotations

Branches:
Dungeon (3/15)              Sewer (1/1)

Altars:


Innate Abilities, Weirdness & Mutations

You cannot wear most types of armour.
You are amphibious.
You can wear up to eight rings at the same time.
Your skin changes colour to match your surroundings (Stealth+).
Your rubbery body absorbs attacks. (AC +1, EV +1)
((You are camouflaged when in or above water. (Stealth+)))
You have tentacles for arms and can constrict up to eight enemies at once.


Message History

The kobold brigand is heavily wounded.
The kobold brigand closely misses you. The kobold brigand barely misses you.
The frilled lizard closely misses you.
The blast of sand misses the kobold brigand.
The blast of sand hits the plant!
The plant begins to die.
The plant is lightly damaged.
The kobold brigand hits you with a +0 dagger.
The frilled lizard bites you.
Casting: Sandblast (safe; 1% risk of failure)
Confirm with . or Enter, or press ? or * to list all spells.
Aiming: Sandblast (safe; 1% risk of failure)
Press: ? - help, Shift-Dir - straight line, f/p - kobold brigand
Aim: a kobold brigand, wielding a +0 dagger and quivering curare-tipped darts (heavily wounded, 79% to hit)
The blast of sand hits the kobold brigand but does no damage.
The kobold brigand is heavily wounded.
The kobold brigand closely misses you. The frilled lizard closely misses you.
The kobold brigand hits you with a +0 dagger.
* * * LOW HITPOINT WARNING * * *
The frilled lizard completely misses you.
Casting: Sandblast (safe; 1% risk of failure)
Confirm with . or Enter, or press ? or * to list all spells.
Aiming: Sandblast (safe; 1% risk of failure)
Press: ? - help, Shift-Dir - straight line, f/p - kobold brigand
Aim: a kobold brigand, wielding a +0 dagger and quivering curare-tipped darts (heavily wounded, 79% to hit)
The blast of sand hits the kobold brigand but does no damage.
The kobold brigand is heavily wounded.
A nearby plant withers and dies.
The kobold brigand barely misses you. The frilled lizard misses you.
Casting: Sandblast (safe; 1% risk of failure)
Confirm with . or Enter, or press ? or * to list all spells.
Aiming: Sandblast (safe; 1% risk of failure)
Press: ? - help, Shift-Dir - straight line, f/p - kobold brigand
Aim: a kobold brigand, wielding a +0 dagger and quivering curare-tipped darts (heavily wounded, 79% to hit)
The blast of sand hits the kobold brigand!
The kobold brigand is almost dead.
The kobold brigand hits you with a +0 dagger!
* * * LOW HITPOINT WARNING * * *
The frilled lizard misses you.
The kobold brigand hits you with a +0 dagger.
You die...

≈# #~ ≈.## #K
≈.~#.#~###
≈~~~.#~#.##
≈≈~~~...K@##
≈≈~~....l..#
≈≈~.~~..~..#
###P.~~~..#
~S~~PP..~..#
###
####P..~...##
.≈≈≈
≈.P.P....≈≈#
~≈≈≈≈
≈≈≈P#~#.≈≈≈≈#
~~≈≈≈
≈≈≈≈#~#≈≈≈≈##


You could see a kobold brigand and a frilled lizard.

Vanquished Creatures
  Jessica (D:3)
  2 river rats (Sewer)
  4 adders
  A worm (D:3)
  A dart slug (D:1)
  2 endoplasms
  3 giant cockroaches
  4 goblins
  4 hobgoblins (D:1)
  4 jackals
  4 kobolds
  3 quokkas
  5 ball pythons (D:1)
  4 bats (D:1)
  6 frilled lizards
  9 rats
57 creatures vanquished.

Vanquished Creatures (others)
  3 plants (Sewer)
3 creatures vanquished.

Grand Total: 60 creatures vanquished

Notes
Turn   | Place    | Note
-------+----------+-------------------------------------------
     0 | D:1      | Crownlay the Octopode Earth Elementalist began the quest
                  | for the Orb.
     0 | D:1      | Reached XP level 1. HP: 11/11 MP: 3/3
   101 | D:1      | Reached XP level 2. HP: 17/17 MP: 0/5
   421 | D:1      | Reached XP level 3. HP: 21/21 MP: 3/6
   814 | D:1      | Learned a level 3 spell: Stone Arrow
   893 | D:2      | Reached skill level 4 in Earth Magic
  1580 | D:3      | Noticed Jessica
  1586 | D:3      | Killed Jessica
  1587 | D:3      | Reached XP level 4. HP: 27/27 MP: 3/8
  1777 | D:3      | Found a glowing drain.
  1781 | Sewer    | Entered a sewer
  1881 | Sewer    | Reached XP level 5. HP: 31/31 MP: 6/9
  1983 | Sewer    | Reached skill level 5 in Earth Magic
  2052 | Sewer    | Noticed a kobold brigand
  2064 | Sewer    | Slain by a kobold brigand

Illustrated notes

Levels and vault maps discovered:
D:1:      minmay_arrival_semitransparent, layout_basic
D:2:      layout_basic
D:3:      layout_basic, gup_sewer_entry_spiral, serial_shops, shop,
          uniq_grinder, uniq_jessica, uniq_natasha
Sewer:    sewer_co_scattered_pipes

Skill      XL: |  1  2  3  4  5 |
---------------+----------------+-----
Earth Magic    | 4 5 |  5.0
Spellcasting   | 3 |  3.1
Dodging        | |  2.0
Stealth        | |  2.6
Transmutations | |  1.0

Action                     |  1- 3 |  4- 6 || total
---------------------------+-------+-------++-------
  Melee: Unarmed           |    15 |     3 ||    18
         Constrict         |     5 |     1 ||     6
         Tentacles         |     2 |     2 ||     4
   Cast: Sandblast         |    49 |    37 ||    86
    Use: Scroll            |     1 |       ||     1
 Armour: Skin              |     1 |       ||     1
  Dodge: Dodged            |    29 |    16 ||    45

Table legend: (Time is in decaauts)
 A = Elapsed time spent in this place.
 B = Non-inter-level travel time spent in this place.
 C = Inter-level travel time spent in this place.
 D = Time resting spent in this place.
 E = Time spent auto-exploring this place.
 F = Levels seen in this place.
 G = Mean time per level.
                   A        B        C        D        E       F      G
               +--------+--------+--------+--------+--------+-----+--------+
         Total |   2105 |   2023 |     82 |      0 |   1582 |   4 |  526.2 |
       Dungeon |   1810 |   1728 |     82 |      0 |   1358 |   3 |  603.3 |
         Sewer |    295 |    295 |      0 |      0 |    224 |   1 |  295.0 |
               +--------+--------+--------+--------+--------+-----+--------+

Top non-repeatable levels by time:
     D:1: 869 daAuts
     D:2: 615 daAuts
     D:3: 325 daAuts
   Sewer: 295 daAuts
